 Dungeon Crawl Stone Soup version 0.28.0-45-g0d030f2227 (webtiles) character file.

Game seed: 14741930811852425655

1572 101zpm the Gusty (level 8, -7/60 HPs)
             Began as a Gnoll Air Elementalist on Apr 22, 2022.
             Was an Initiate of Makhleb.
             Mangled by a shadow wraith (17 damage)
             ... on level 8 of the Dungeon.
             The game lasted 00:40:42 (11814 turns).

101zpm the Gusty (Gnoll Air Elementalist)          Turns: 11814, Time: 00:40:43

Health: -7/60      AC:  3    Str:  8    XL:     8   Next: 90%
Magic:  3/17       EV: 14    Int: 16    God:    Makhleb [......]
Gold:   357        SH:  0    Dex: 13    Spells: 6/19 levels left

rFire   . . .      SeeInvis .     - Unarmed
rCold   . . .      Faith    .   (no shield)
rNeg    . . .      Spirit   .   a - +0 robe
rPois   .          Reflect  .   (helmet currently unavailable)
rElec   .          Harm     .   c - +0 cloak
rCorr   .          Rampage  .   (no gloves)
Will    .....                   (boots currently unavailable)
Stlth   +++.......              (no amulet)
HPRegen 0.20/turn               h - +4 ring of slaying
MPRegen 0.15/turn               (no ring)

@: appendages (expiring), wereblooded, slowed, very slow
A: horns 2, talons 2, fangs 1, strong nose, distributed training
a: End Transformation, Renounce Religion


You were on level 8 of the Dungeon.
You worshipped Makhleb.
Makhleb was noncommittal.
You had temporarily grown beastly horns and talons.
You visited 2 branches of the dungeon, and saw 9 of its levels.

You collected 357 gold pieces.

Inventory:

Armour
 a - a +0 robe (worn)
 c - a +0 cloak (worn)
Jewellery
 b - an amulet of guardian spirit
 h - a +4 ring of slaying (left hand)
Wands
 o - a wand of flame (6)
 s - a wand of paralysis (6)
Scrolls
 e - 5 scrolls of teleportation
 f - a scroll of magic mapping
 g - a scroll of identify
 n - 2 scrolls of noise
 q - a scroll of enchant weapon
 t - a scroll of amnesia
Potions
 d - 3 potions of flight
 i - a potion of resistance
 j - a potion of mutation
 k - a potion of might
 l - a potion of invisibility {unknown}
 m - 4 potions of ambrosia {unknown}
 p - 4 potions of curing
 r - a potion of brilliance {unknown}
 u - a potion of heal wounds {unknown}


   Skills:
 + Level 3.6 Fighting
 + Level 3.6 Short Blades
 + Level 3.6 Long Blades
 + Level 3.6 Axes
 + Level 3.6 Maces & Flails
 + Level 3.6 Polearms
 + Level 3.6 Staves
 + Level 3.6 Slings
 + Level 3.6 Bows
 + Level 3.6 Crossbows
 + Level 3.6 Throwing
 + Level 3.6 Armour
 + Level 5.9 Dodging
 + Level 5.6 Stealth
 + Level 3.6 Shields
 + Level 3.6 Unarmed Combat
 + Level 6.2 Spellcasting
 + Level 3.7 Conjurations
 + Level 3.0 Hexes
 + Level 3.0 Summonings
 + Level 3.0 Necromancy
 + Level 3.0 Translocations
 + Level 3.0 Transmutations
 + Level 3.0 Fire Magic
 + Level 3.0 Ice Magic
 + Level 6.3 Air Magic
 + Level 3.0 Earth Magic
 + Level 3.0 Poison Magic
 + Level 4.0 Invocations
 + Level 3.6 Evocations


You had 6 spell levels left.
You knew the following spells:

 Your Spells              Type           Power      Damage    Failure   Level
a - Shock                 Conj/Air       84%        1d8       1%          1
b - Airstrike             Air            12%        N/A       10%         4
c - Static Discharge      Conj/Air       21%        N/A       2%          2
d - Swiftness             Air            25%        N/A       3%          3
e - Beastly Appendage     Tmut           28%        N/A       3%          1
f - Wereblood             Tmut           14%        N/A       6%          2

Your spell library contained the following spells:

 Spells                   Type           Power      Damage    Failure   Level
 Spider Form              Tmut/Pois      14%        N/A       12%         3
 Iskenderun's Battlesphe  Conj           17%        2d7       61%         5
 Iron Shot                Conj/Erth      7%         9d2       99%         6
 Spellforged Servitor     Conj/Summ      7%         N/A       100%        7


Dungeon Overview and Level Annotations

Branches:
Dungeon (8/15)             Temple (1/1) D:5
   Lair: D:8-11

Altars:
Ashenzari
Cheibriados
Dithmenos
Elyvilon
Fedhas
Gozag
Makhleb
Nemelex Xobeh
Okawaru
Qazlal
Ru
Sif Muna
Trog
Uskayaw
Vehumet
Wu Jian
Xom
Yredelemnul
Zin
The Shining One


Innate Abilities, Weirdness & Mutations

You have temporarily grown beastly horns and talons.
You have very sharp teeth.
Your uncanny sense of smell can sniff out nearby items.
Your experience applies equally to all skills.


Message History

Aiming: Airstrike (dangerous; 10% risk of failure)
Press: ? - help, Dir - move target The air twists around and strikes something.
You hear a chilling moan.
You hear a shout!
Casting: Airstrike (dangerous; 10% risk of failure)
Confirm with . or Enter, or press ? or * to list all spells.
You grow a pair of large bovine horns.
Your feet morph into talons.
Casting: Beastly Appendage (safe; 3% risk of failure)
Confirm with . or Enter, or press ? or * to list all spells.
You can't see any susceptible monsters within range! (Use Z to cast anyway.)
Casting: Beastly Appendage (safe; 3% risk of failure)
Confirm with . or Enter, or press ? or * to list all spells.
Aiming: Airstrike (dangerous; 10% risk of failure)
Press: ? - help, Dir - move target The air twists around and strikes something.
Casting: Airstrike (dangerous; 10% risk of failure)
Confirm with . or Enter, or press ? or * to list all spells.
Okay, then.
Casting: Airstrike (dangerous; 10% risk of failure)
Confirm with . or Enter, or press ? or * to list all spells.
Aiming: Airstrike (dangerous; 10% risk of failure)
Press: ? - help, Dir - move target The air twists around and strikes something!
Casting: Airstrike (dangerous; 10% risk of failure)
Confirm with . or Enter, or press ? or * to list all spells.
Your blood is infused with primal strength.
Something hits you!! Something drains your vigour!
You feel yourself slow down.
Deactivating autopickup; reactivate with Ctrl-A.
Something hits you. Something drains your vigour!
You feel as though you will be slow longer.
Your transformation is almost over.
Something hits you! Something drains your vigour!
You feel as though you will be slow longer.
Something hits you!
* * * LOW HITPOINT WARNING * * *
Something drains your vigour!
You feel as though you will be slow longer.
You hit something. Your kick misses something. Something barely misses you.
You hit something but do no damage. Something hits you!
You die...

P. # ##.... .
......
.####.#....
..........
#.#...#...
#.####.........
#....@.........
###.##{<.....#
# #.#...#...
#.........
######.... ...
.. .


There were no monsters in sight!

Vanquished Creatures
  Grinder (D:4)
  A steam dragon (D:6)
  Edmund (D:5)
  A hornet zombie (D:7)
  An ice beast (D:4)
  A necrophage (D:7)
  2 ogres
  Blork the orc (D:6)
  A water moccasin zombie (D:5)
  3 killer bees
  A howler monkey (D:6)
  A centaur zombie (D:6)
  An orc priest (D:5)
  4 bullfrog skeletons
  2 hounds
  An iguana (D:4)
  A hound zombie (D:5)
  3 adders
  2 white imps (D:6)
  2 ufetubi
  A worm (D:2)
  3 dart slugs
  6 orcs
  4 endoplasms
  A giant cockroach (D:2)
  7 goblins
  15 hobgoblins
  5 jackals
  3 kobolds
  7 quokkas
  10 ball pythons
  6 bats
  3 frilled lizards
  4 rats
106 creatures vanquished.

Notes
Turn   | Place    | Note
-------+----------+-------------------------------------------
     0 | D:1      | 101zpm the Gnoll Air Elementalist began the quest for the
                  | Orb.
     0 | D:1      | Reached XP level 1. HP: 13/13 MP: 6/6
   139 | D:1      | Reached XP level 2. HP: 19/19 MP: 1/7
   790 | D:1      | Reached XP level 3. HP: 25/25 MP: 1/9
   949 | D:1      | Reached skill level 5 in Spellcasting
  1049 | D:1      | Found a faded altar of an unknown god.
  1596 | D:2      | Reached skill level 1 in Invocations
  1694 | D:1      | Reached skill level 1 in Fighting
  1694 | D:1      | Reached skill level 1 in Short Blades
  1694 | D:1      | Reached skill level 1 in Long Blades
  1694 | D:1      | Reached skill level 1 in Axes
  1694 | D:1      | Reached skill level 1 in Maces & Flails
  1694 | D:1      | Reached skill level 1 in Polearms
  1694 | D:1      | Reached skill level 1 in Staves
  1694 | D:1      | Reached skill level 1 in Slings
  1694 | D:1      | Reached skill level 1 in Bows
  1694 | D:1      | Reached skill level 1 in Crossbows
  1694 | D:1      | Reached skill level 1 in Throwing
  1694 | D:1      | Reached skill level 1 in Armour
  1694 | D:1      | Reached skill level 1 in Shields
  1694 | D:1      | Reached skill level 1 in Unarmed Combat
  1694 | D:1      | Reached skill level 1 in Evocations
  1694 | D:1      | Reached XP level 4. HP: 27/32 MP: 6/11
  1799 | D:2      | Learned a level 4 spell: Airstrike
  2628 | D:3      | Reached skill level 1 in Hexes
  2628 | D:3      | Reached skill level 1 in Summonings
  2628 | D:3      | Reached skill level 1 in Necromancy
  2628 | D:3      | Reached skill level 1 in Translocations
  2628 | D:3      | Reached skill level 1 in Transmutations
  2628 | D:3      | Reached skill level 1 in Fire Magic
  2628 | D:3      | Reached skill level 1 in Ice Magic
  2628 | D:3      | Reached skill level 1 in Earth Magic
  2628 | D:3      | Reached skill level 1 in Poison Magic
  3254 | D:3      | Reached XP level 5. HP: 37/37 MP: 6/12
  3604 | D:4      | Noticed an ice beast
  3610 | D:5      | Entered Level 5 of the Dungeon
  3966 | D:5      | Noticed an ogre
  4037 | D:5      | Noticed Edmund
  4226 | D:4      | Killed an ice beast
  4227 | D:4      | Reached XP level 6. HP: 44/44 MP: 0/14
  4855 | D:4      | Noticed Grinder
  4857 | D:4      | Paralysed by Grinder for 4 turns
  4872 | D:4      | Killed Grinder
  4873 | D:4      | Reached skill level 5 in Dodging
  4873 | D:4      | Reached XP level 7. HP: 25/50 MP: 0/15
  5062 | D:4      | Learned a level 2 spell: Static Discharge
  5066 | D:4      | Learned a level 3 spell: Swiftness
  5642 | D:5      | Found a radiant altar of Vehumet.
  5884 | D:5      | Found a staircase to the Ecumenical Temple.
  5893 | Temple   | Entered the Ecumenical Temple
  6202 | Temple   | Became a worshipper of Makhleb the Destroyer
  6628 | D:5      | Reached skill level 5 in Stealth
  6785 | D:5      | Found a glowing golden altar of the Shining One.
  7321 | D:6      | Noticed a two-headed ogre
  8556 | D:6      | Reached XP level 8. HP: 57/57 MP: 11/16
  8610 | D:6      | Noticed Blork the orc
  9523 | D:6      | Killed Blork the orc
 10075 | D:1      | Learned a level 1 spell: Beastly Appendage
 10078 | D:1      | Learned a level 2 spell: Wereblood
 10842 | D:5      | Killed Edmund
 11203 | D:7      | Noticed a wyvern
 11242 | D:8      | Noticed a wyvern
 11242 | D:8      | Noticed a yak
 11242 | D:8      | Noticed a yak
 11244 | D:8      | Noticed a yak
 11814 | D:8      | Mangled by a shadow wraith

Illustrated notes

Levels and vault maps discovered:
D:1:      lightli_arrival_flooded_house, layout_loops_ring,
          shapermc_ecumenical_altar_petra, minmay_cupped
D:2:      layout_rooms, grunt_ministairs_1, nrook_mini_backslash
D:3:      layout_basic, minmay_joined_circles
D:4:      layout_loops_ring, uniq_grinder
D:5:      layout_cave_pods, nicolae_tso_carved_into_rock,
          mainiacjoe_overflow_alcove_4, minmay_temple_entry_mist,
          minmay_misc_feat_rugged, uniq_edmund
D:6:      layout_cave_pools, uniq_blork_the_orc
D:7:      layout_loops_ring, mainiacjoe_overflow_catwalk_spiral,
          kennysheep_generic_room_6, uniq_joseph
D:8:      layout_loops_ring, david_lair_shrubbed, serial_undead,
          serial_undead_f, serial_undead_a, serial_undead_b, serial_undead_c,
          serial_shops, nicolae_diamond_shop, minmay_misc_feat_enclosed,
          kennysheep_pointless_box, hangedman_feature_mirror,
          kennysheep_island_fort
Temple:   dpeg_five_rooms_temple

Skill      XL: |  1  2  3  4  5  6  7  8 |
---------------+-------------------------+-----
Conjurations   | 2 3 |  3.7
Spellcasting   | 5 6 |  6.2
Invocations    | 1 2 3 4 |  4.0
Fighting       | 1 2 3 |  3.6
Short Blades   | 1 2 3 |  3.6
Long Blades    | 1 2 3 |  3.6
Axes           | 1 2 3 |  3.6
Maces & Flails | 1 2 3 |  3.6
Polearms       | 1 2 3 |  3.6
Staves         | 1 2 3 |  3.6
Slings         | 1 2 3 |  3.6
Bows           | 1 2 3 |  3.6
Crossbows      | 1 2 3 |  3.6
Throwing       | 1 2 3 |  3.6
Armour         | 1 2 3 |  3.6
Shields        | 1 2 3 |  3.6
Unarmed Combat | 1 2 3 |  3.6
Evocations     | 1 2 3 |  3.6
Hexes          | 1 2 3 |  3.0
Summonings     | 1 2 3 |  3.0
Necromancy     | 1 2 3 |  3.0
Translocations | 1 2 3 |  3.0
Transmutations | 1 2 3 |  3.0
Fire Magic     | 1 2 3 |  3.0
Ice Magic      | 1 2 3 |  3.0
Earth Magic    | 1 2 3 |  3.0
Poison Magic   | 1 2 3 |  3.0
Dodging        | 5 |  5.9
Stealth        | 5 |  5.6
Air Magic      | 6 |  6.3

Action                   |  1- 3 |  4- 6 |  7- 9 || total
-------------------------+-------+-------+-------++-------
Melee: Unarmed           |    18 |    14 |     3 ||    35
       Bite              |     1 |     3 |       ||     4
 Cast: Shock             |    72 |    78 |    28 ||   178
       Airstrike         |       |    11 |    80 ||    91
       Swiftness         |       |       |     1 ||     1
       Beastly Appendage |       |       |     1 ||     1
       Wereblood         |       |       |     1 ||     1
  Use: Scroll            |       |       |    18 ||    18
Armor: Robe              |     1 |     3 |     9 ||    13
Dodge: Dodged            |    23 |    19 |    38 ||    80
